 Dungeon Crawl Stone Soup version 0.28-a0-1505-g8c907de6ad (webtiles) character file.

Game seed: 9336951974332047041

70 kae the Insei (level 4, -8/32 HPs)
             Began as a Demonspawn Transmuter on Jan 13, 2022.
             Succumbed to a gnoll's poison
             ... on level 2 of the Dungeon.
             The game lasted 00:01:25 (2309 turns).

kae the Insei (Demonspawn Transmuter)               Turns: 2309, Time: 00:01:26

Health: -8/32      AC:  2    Str: 11    XL:     4   Next: 4%
Magic:  4/7        EV: 19    Int: 16    God:
Gold:   66         SH:  0    Dex: 18    Spells: 3/7 levels left

rFire   . . .      SeeInvis .     - Unarmed
rCold   . . .      Faith    .   (shield currently unavailable)
rNeg    . . .      Spirit   .   (armour currently unavailable)
rPois   x          Reflect  .   (helmet currently unavailable)
rElec   .          Harm     .   (cloak currently unavailable)
rCorr   .          Rampage  .   (gloves currently unavailable)
Will    .....                   (boots currently unavailable)
Stlth   ++........              (no amulet)
HPRegen 0.10/turn               (no ring)
MPRegen 0.10/turn               (no ring)

@: lethally poisoned (-8 -> -52), spider-form
A: venomous fangs, tiny, (weakness stinger 1), (horns 1), (fire resistance 1),
(electricity resistance)
a: End Transformation


You were on level 2 of the Dungeon.
You were a venomous arachnid creature.
You visited 1 branch of the dungeon, and saw 2 of its levels.

You collected 66 gold pieces.

Inventory:

Hand Weapons
 g - a +2 whip of venom (melded)
Armour
 a - a +0 robe (melded)
Jewellery
 c - an amulet of guardian spirit
 d - an amulet of faith
 k - a ring of protection from fire
Scrolls
 e - 2 scrolls of teleportation {unknown}
 f - a scroll of fog {unknown}
 i - a scroll of amnesia {unknown}
 j - a scroll of identify {unknown}


   Skills:
 + Level 1.3 Fighting
 + Level 2.2 Dodging
 * Level 3.2 Unarmed Combat
 + Level 2.3 Spellcasting
 * Level 2.5 Transmutations
 * Level 0.7 Poison Magic


You had 3 spell levels left.
You knew the following spells:

 Your Spells              Type           Power      Damage    Failure   Level
a - Beastly Appendage     Tmut           20%        N/A       19%         1
b - Spider Form           Tmut/Pois      7%         N/A       52%         3

Your spell library contained the following spells:

 Spells                   Type           Power      Damage    Failure   Level
 Wereblood                Tmut           10%        N/A       26%         2
 Passwall                 Tmut/Erth      5%         N/A       38%         2
 Apportation              Tloc           2%         N/A       41%         1
 Ensorcelled Hibernation  Hex/Ice        2%         N/A       52%         2
 Summon Guardian Golem    Hex/Summ       1%         N/A       73%         3
 Swiftness                Air            1%         N/A       73%         3
 Ice Form                 Ice/Tmut       6%         N/A       89%         4
 Alistair's Intoxication  Tmut/Pois      4%         N/A       99%         5
 Orb of Destruction       Conj           0%         N/A       100%        7
 Spellforged Servitor     Conj/Summ      0%         N/A       100%        7


Dungeon Overview and Level Annotations

Branches:
Dungeon (2/15)

Altars:


Innate Abilities, Weirdness & Mutations

You are a venomous arachnid creature.
You have poisonous fangs.
You are tiny and dextrous.
Your spellcasting is less reliable in this form.
Your armour is entirely melded.
You are incapable of wielding weapons or throwing items.
((You have a small tail.))
((You have a pair of small horns on your head.))
((Your flesh is heat resistant. (rF+)))
((You are resistant to electric shocks. (rElec)))


Message History

You feel stronger.
You start resting.
Your transformation has ended.
Your +2 whip of venom unmelds from your body.
Your +0 robe unmelds from your body.
Your +2 whip of venom begins to drip with poison!
You start resting.
Magic restored.
HP restored.
Casting: Spider Form (quite dangerous; 30% risk of failure)
Confirm with . or Enter, or press ? or * to list all spells.
The spell is quite dangerous to miscast (30% risk of failure)!
Continue anyway? [Y]es or [N]o only, please.
The spell is quite dangerous to miscast (30% risk of failure)!
Continue anyway?
You turn into a venomous arachnid creature.
Your +2 whip of venom melds into your body.
Your +0 robe melds into your body.
Your +2 whip of venom stops dripping with poison.
You climb downwards.
There is a stone staircase leading up, spattered with blood here.
The gnoll completely misses you.
You barely miss the gnoll.
The gnoll hits you with a +2 halberd of venom!
You are lethally poisoned!
You barely miss the gnoll.
You feel very sick. The gnoll completely misses you.
You are too injured to fight recklessly!
You are too injured to fight recklessly!
You are too injured to fight recklessly!
You are too injured to fight recklessly!
You are too injured to fight recklessly!
You barely miss the gnoll.
You feel very sick.
The gnoll hits you with a +2 halberd of venom!
* * * LOW HITPOINT WARNING * * *
You are more poisoned.
You hit the gnoll.
The gnoll is poisoned.
The gnoll is moderately wounded.
You die...

#....8...###...8...#
####.. #..#...###
###...### ###
#..##.## ##'##
#.....# ##..#
#.....# #...#
####### #.### #†#
######### #<#
#.......# #s#
#.......# #g#
#.####..# #.#
##.##....#######.#
.........g)g.S...#
##.####..#########
#.......# #......##
########


You could see a gnoll (very poisoned).

Vanquished Creatures
  2 gnolls (D:1)
  An adder (D:2)
  4 dart slugs
  2 bats (D:2)
  4 endoplasms (D:2)
  3 goblins (D:1)
  6 hobgoblins
  2 kobolds
  A quokka (D:2)
  5 ball pythons
  3 frilled lizards (D:1)
33 creatures vanquished.

Vanquished Creatures (others)
  3 demonic plants (D:2)
  3 plants (D:2)
  2 withered plants (D:2)
8 creatures vanquished.

Grand Total: 41 creatures vanquished

Notes
Turn   | Place    | Note
-------+----------+-------------------------------------------
     0 | D:1      | kae the Demonspawn Transmuter began the quest for the Orb.
     0 | D:1      | Reached XP level 1. HP: 15/15 MP: 3/3
   320 | D:1      | Gained mutation: You have a small tail. [demonic ancestry]
   320 | D:1      | Reached XP level 2. HP: 21/21 MP: 5/5
   585 | D:1      | Reached skill level 3 in Unarmed Combat
   801 | D:2      | Reached XP level 3. HP: 23/26 MP: 4/6
   805 | D:2      | Learned a level 3 spell: Spider Form
   868 | D:2      | Found a faded altar of an unknown god.
  1708 | D:2      | Gained mutation: You are resistant to electric shocks.
                  | (rElec) [potion of mutation]
  1708 | D:2      | Gained mutation: Your flesh is heat resistant. (rF+)
                  | [potion of mutation]
  1708 | D:2      | Gained mutation: You have a pair of small horns on your
                  | head. [potion of mutation]
  2258 | D:1      | Reached XP level 4. HP: 27/32 MP: 4/7
  2308 | D:2      | HP: 1/32 [gnoll (11)]
  2309 | D:2      | Succumbed to a gnoll's poison

Illustrated notes

Levels and vault maps discovered:
D:1:      minmay_arrival_up_and_down, layout_rooms
D:2:      layout_loops_cross, shapermc_ecumenical_altar_gd,
          hangedman_glass_garden, grunt_ministairs_13

Skill      XL: |  1  2 |
---------------+-------+-----
Transmutations | 2 |  2.5
Dodging        | 2 |  2.2
Unarmed Combat | 3 |  3.2
Fighting       | |  1.3
Spellcasting   | |  2.3
Poison Magic   | |  0.7

Action                   |  1- 3 |  4- 6 || total
-------------------------+-------+-------++-------
Melee: Unarmed           |    49 |     4 ||    53
       Kick              |    14 |       ||    14
       Whip              |    42 |       ||    42
       Tailslap          |     6 |       ||     6
       Headbutt          |     5 |       ||     5
       Punch             |     2 |       ||     2
 Cast: Beastly Appendage |    17 |       ||    17
       Spider Form       |     2 |     1 ||     3
  Use: Potion            |     3 |       ||     3
 Stab: Sleeping          |     1 |       ||     1
Armor: Robe              |    21 |       ||    21
       Skin              |     1 |       ||     1
Dodge: Dodged            |    69 |     2 ||    71

Table legend: (Time is in decaauts)
 A = Elapsed time spent in this place.
 B = Non-inter-level travel time spent in this place.
 C = Inter-level travel time spent in this place.
 D = Time resting spent in this place.
 E = Time spent auto-exploring this place.
 F = Levels seen in this place.
 G = Mean time per level.
                   A        B        C        D        E       F      G
               +--------+--------+--------+--------+--------+-----+--------+
         Total |   2312 |   2276 |     36 |    552 |   1397 |   2 | 1156.0 |
       Dungeon |   2312 |   2276 |     36 |    552 |   1397 |   2 | 1156.0 |
               +--------+--------+--------+--------+--------+-----+--------+

Top non-repeatable levels by time:
     D:1: 1286 daAuts
     D:2: 1026 daAuts
